 Dungeon Crawl Stone Soup version 0.26-a0-665-gefeb406119 (webtiles) character file.

Game seed: 13634913789016654566

58 grandjackal the Slasher (level 3, -3/28 HPs)
             Began as a Demonspawn Gladiator on Oct 14, 2020.
             Slain by a goblin (6 damage)
             ... led by Robin
             ... on level 2 of the Dungeon.
             The game lasted 00:01:28 (1495 turns).

grandjackal the Slasher (Demonspawn Gladiator)      Turns: 1495, Time: 00:01:28

Health: -3/28      AC:  4    Str: 15    XL:     3   Next: 76%
Magic:  3/3        EV: 13    Int: 11    God:
Gold:   72         SH:  0    Dex: 14    Spells: 2/2 levels left

rFire    . . .     SeeInvis .   a - +0 long sword
rCold    . . .     Faith    .   (no shield)
rNeg     . . .     Spirit   .   b - +0 leather armour
rPois    .         Reflect  .   c - +0 helmet
rElec    .         Harm     .   (no cloak)
rCorr    .         Rampage  .   (no gloves)
MR       .....                  (no boots)
Stlth    +.........             (no amulet)
HPRegen  0.09/turn              (no ring)
MPRegen  0.08/turn              (no ring)

@: no status effects
A: big brain 1
a: no special abilities


You were on level 2 of the Dungeon.
You visited 1 branch of the dungeon, and saw 2 of its levels.

You collected 72 gold pieces.

Inventory:

Hand Weapons
 a - a +0 long sword (weapon)
Missiles
 d - 3 throwing nets (quivered)
Armour
 b - a +0 leather armour (worn)
 c - a +0 helmet (worn)
Scrolls
 e - 2 scrolls of teleportation {unknown}
 f - a scroll of immolation {unknown}
 g - 3 scrolls of identify {unknown}
 h - a scroll of magic mapping {unknown}
 j - a scroll of amnesia {unknown}
 k - a scroll of enchant weapon {unknown}
Potions
 i - a potion of resistance {unknown}
 l - a potion of curing {unknown}
 m - a potion of invisibility {unknown}


   Skills:
 + Level 2.8 Fighting
 + Level 3.3 Long Blades
 - Level 1.7 Throwing
 + Level 3.2 Dodging


You had 2 spell levels left.
You didn't know any spells.
Your spell library was empty.

Dungeon Overview and Level Annotations

Branches:
Dungeon (2/15)

Altars:

Annotations:
D:2 Robin


Innate Abilities, Weirdness & Mutations

You have an unusually large brain. (Int +2)


Message History

The goblin completely misses you.
You riposte.
You slash the goblin!
You kill the goblin!
The goblin hits you.
* * * LOW HITPOINT WARNING * * *
The goblin hits you.
* * * LOW HITPOINT WARNING * * *
You completely miss the goblin. The goblin hits you.
* * * LOW HITPOINT WARNING * * *
The goblin barely misses you.
You riposte.
You hit the goblin.
The goblin is severely wounded.
Robin roars a battlecry!
The goblins go into a battle-frenzy!
You slash the goblin!
You kill the goblin!
The goblin misses you. Robin throws the goblin at you!
Unknown command.
You closely miss the goblin.
The goblin is severely wounded.
The goblin hits you.
You die...

## #..............
.# #)#######.....##
.###.# #.###.#
.((†(# #..##.#
.###(# ##.##.#
..##.# #.)#.. .....#
##.#
.#############.#####
...............g@..#
#
.##############†##g#
.# .# #..#.# .# .#
##(#g#..# .#
#...#..# .#
##.(...#gg. ##
#.(...gBg.
##....#### #........


You could see Robin and a goblin (strong).

Vanquished Creatures
  2 oozes
  A dart slug (D:1)
  A worm (D:2)
  A bat (D:2)
  2 giant cockroaches (D:2)
  4 hobgoblins
  2 jackals (D:1)
  9 kobolds
  12 goblins
  10 rats
44 creatures vanquished.

Notes
Turn   | Place    | Note
-------+----------+-------------------------------------------
     0 | D:1      | grandjackal the Demonspawn Gladiator began the quest for
                  | the Orb.
     0 | D:1      | Reached XP level 1. HP: 16/16 MP: 1/1
   184 | D:1      | Gained mutation: You have an unusually large brain. (Int
                  | +2) [demonic ancestry]
   184 | D:1      | Reached XP level 2. HP: 22/22 MP: 2/2
   799 | D:1      | Reached XP level 3. HP: 26/28 MP: 3/3
  1473 | D:2      | Noticed Robin
  1495 | D:2      | Slain by a goblin

Illustrated notes

Levels and vault maps discovered:
D:1:      nzn_arrival_water_spiral, layout_loops_ring
D:2:      layout_basic, chequers_serial_rivers_room_a,
          hangedman_abyss_or_decor_stabs, minmay_tiny_reverse_x, uniq_robin,
          uniq_natasha

Skill      XL: |  1  2 |
---------------+-------+-----
Long Blades    | 3 |  3.3
Dodging        | 3 |  3.2
Fighting       | |  2.8
Throwing       | |  1.7

Action                   || total
-------------------------++-------
Melee: Long sword        ||    96
Armor: Leather armour    ||    30
Dodge: Dodged            ||    80
       Rpst.: Long sword ||    22

Table legend: (Time is in decaauts)
 A = Elapsed time spent in this place.
 B = Non-inter-level travel time spent in this place.
 C = Inter-level travel time spent in this place.
 D = Time resting spent in this place.
 E = Time spent auto-exploring this place.
 F = Levels seen in this place.
 G = Mean time per level.
                   A        B        C        D        E       F      G
               +--------+--------+--------+--------+--------+-----+--------+
         Total |   1528 |   1523 |      5 |    379 |    867 |   2 |  764.0 |
       Dungeon |   1528 |   1523 |      5 |    379 |    867 |   2 |  764.0 |
               +--------+--------+--------+--------+--------+-----+--------+

Top non-repeatable levels by time:
     D:1: 1108 daAuts
     D:2: 419 daAuts
